 Dungeon Crawl Stone Soup version 0.30-a0-528-g8c47a4955b (webtiles) character file.

Game seed: 4105156340582173785

2 arthad the Insei (level 1, 0/17 HPs)
             Began as a Djinni Transmuter on Dec 23, 2022.
             Slain by a kobold
             ... wielding a +0 dagger
              (1 damage)
             ... on level 1 of the Dungeon.
             The game lasted 00:00:36 (178 turns).

arthad the Insei (Djinni Transmuter)                 Turns: 178, Time: 00:00:37

Health: 0/17       AC:  2    Str:  9    XL:     1   Next: 44%
Gold:   37         EV: 12    Int: 14    God:
                   SH:  0    Dex: 13

rFire   + + .      SeeInvis .      - Unarmed
rCold   x . .      Faith    .    (no shield)
rNeg    . . .      Spirit   .    a - +0 robe
rPois   ∞          Reflect  .    (no helmet)
rElec   .          Harm     .    (no cloak)
rCorr   .          Rampage  .    (no gloves)
Will    .....                    (boots unavailable)
Stlth   +                        (no amulet)
HPRegen 0.22/turn                (no ring)
MPRegen 0.00/turn                (no ring)

@: flying
A: sickness immunity, fire resistance 2, cold vulnerability 1, float, innate
caster, HP casting, extra vitality 1
a: no special abilities


You were on level 1 of the Dungeon.
You visited 1 branch of the dungeon, and saw 1 of its levels.

You collected 37 gold pieces.

Inventory:

Armour
 a - a +0 robe (worn)
Scrolls
 c - a scroll of fog {unknown}
Potions
 b - a potion of lignification


   Skills:
 * Level 1.1 Fighting
 + Level 2.2 Dodging
 + Level 0.0 Stealth
 * Level 3.0 Unarmed Combat
 * Level 1.6 Spellcasting


You couldn't memorise any spells.
You knew the following spells:

 Your Spells              Type           Power      Damage    Failure   Level
a - Beastly Appendage     Tmut           10%        N/A       13%         1
b - Wereblood             Tmut           5%         N/A       19%         2
c - Spider Form           Tmut/Pois      5%         N/A       36%         3
d - Ice Form              Ice/Tmut       5%         N/A       77%         4
Your spell library was empty.

Dungeon Overview and Level Annotations

Branches:
Dungeon (1/15)

Altars:


Innate Abilities, Weirdness & Mutations

You are immune to sickness and miasma.
You are immune to poison.
Your flesh is very heat resistant. (rF++)
You are vulnerable to cold. (rC-)
You float through the air rather than walking.
You learn spells naturally, not from books.
Your magical power is your life essence.
You have superior vitality. (+4 MHP)


Message History

No target in view!
A bat comes into view.
Found 3 stones.
A bat is nearby!
A kobold comes into view. It is wielding a +0 dagger.
The kobold shouts!
The bat hits you.
A hobgoblin comes into view.
Found a spear.
The bat barely misses you. The bat closely misses you.
The bat hits you but does no damage. The kobold hits you but does no damage.
You barely miss the kobold.
The hobgoblin shouts!
The bat hits you but does no damage. The kobold barely misses you.
You closely miss the kobold.
Your horns disappear.
The bat barely misses you. The kobold hits you with a +0 dagger.
You hit the kobold but do no damage. The bat closely misses you.
You hit the kobold but do no damage. The bat closely misses you.
The kobold hits you with a +0 dagger.
You hit the kobold but do no damage. The bat misses you.
The hobgoblin barely misses you. The kobold hits you with a +0 dagger.
The bat hits you but does no damage.
You barely miss the kobold. The hobgoblin barely misses you.
The kobold misses you.
You closely miss the kobold. The bat closely misses you.
The hobgoblin hits you.
* * * LOW HITPOINT WARNING * * *
The kobold hits you with a +0 dagger.
* * * LOW HITPOINT WARNING * * *
You are too injured to fight recklessly!
You are too injured to fight recklessly!
You are too injured to fight recklessly!
You are too injured to fight recklessly!
You are too injured to fight recklessly!
You are too injured to fight recklessly!
The bat completely misses you.
The hobgoblin hits you but does no damage.
The kobold attacks as you move away! The kobold hits you with a +0 dagger.
You die...

## .# ##.## ..#
##...##..# ###
##...(....# #..
)####........#
#.#
.............#
#.#
#####.Kgb....#
#.#
#######.@...#.#
#######.#
...........##
.........
######.#.##
####..... #.###
#.##.. #.# #.
#.. #.# #.##..
#.# #.##.. #.#
#.##.. #.#
#.#...


You could see a hobgoblin, a bat and a kobold.

Vanquished Creatures
  A hobgoblin (D:1)
  A quokka (D:1)
2 creatures vanquished.

Notes
Turn   | Place    | Note
-------+----------+-------------------------------------------
     0 | D:1      | arthad the Djinni Transmuter began the quest for the Orb.
     0 | D:1      | arthad set off with the following spells memorised: Beastly
                  | Appendage, Wereblood, Spider Form, Ice Form.
     0 | D:1      | Reached XP level 1. HP: 17/17 MP: 0/0
   178 | D:1      | Slain by a kobold

Illustrated notes

Levels and vault maps discovered:
D:1:      minmay_arrival_diagonal_passages, layout_loops_ring,
          dreamdust_ecumenical_altar_angels_and_demons

Action                   || total
-------------------------++-------
Melee: Unarmed           ||    22
 Cast: Beastly Appendage ||     1
Armor: Robe              ||     5
Dodge: Dodged            ||    20

Table legend: (Time is in decaauts)
 A = Elapsed time spent in this place.
 B = Non-inter-level travel time spent in this place.
 C = Inter-level travel time spent in this place.
 D = Time resting spent in this place.
 E = Time spent auto-exploring this place.
 F = Levels seen in this place.
 G = Mean time per level.
                   A        B        C        D        E       F      G
               +--------+--------+--------+--------+--------+-----+--------+
         Total |    176 |    176 |      0 |     43 |     90 |   1 |  176.0 |
       Dungeon |    176 |    176 |      0 |     43 |     90 |   1 |  176.0 |
               +--------+--------+--------+--------+--------+-----+--------+

Top non-repeatable levels by time:
     D:1: 176 daAuts
